 Dungeon Crawl Stone Soup version 0.27.1-1-g398f81649c (webtiles) character file.

Game seed: 5866755683864903066

128704 Kinoniko the Bludgeoner (level 17, -4/135 HPs)
             Began as a Human Berserker on Sept 3, 2021.
             Was a High Priest of Trog.
             Succumbed to poison (poison gas)
             ... on level 2 of the Swamp on Sept 7, 2021.
             The game lasted 00:37:04 (39239 turns).

Kinoniko the Bludgeoner (Human Berserker)          Turns: 39239, Time: 00:37:05

Health: -4/135     AC: 38    Str: 23    XL:     17   Next: 59%
Magic:  17/17      EV: 13    Int:  7    God:    Trog [*****.]
Gold:   1442       SH:  0    Dex: 18    Spells: 16/16 levels left

rFire    + + +     SeeInvis +   T - +7 great mace "Firestarter" {inner flame, rF++}
rCold    . . .     Faith    .   (shield currently unavailable)
rNeg     . . .     Spirit   .   o - +1 crystal plate armour
rPois    .         Reflect  .   I - +2 helmet {SInv}
rElec    .         Harm     .   J - +2 cloak
rCorr    .         Rampage  .   j - +0 pair of gloves {Dex+3}
Will     +....                  L - +2 pair of boots
Stlth    ..........             (no amulet)
HPRegen  0.32/turn              S - +4 ring of evasion
MPRegen  0.15/turn              M - ring of protection from fire

@: lethally poisoned (-4 -> -67), on berserk cooldown, slowed, very slow
A: no striking features
a: Renounce Religion, Berserk, Trog's Hand, Brothers in Arms


You were on level 2 of the Swamp.
You worshipped Trog.
Trog was extremely pleased with you.
You visited 4 branches of the dungeon, and saw 25 of its levels.
You visited the Abyss 1 time.
You also visited: Sewer and Ossuary.

You collected 2540 gold pieces.
You spent 1098 gold pieces at shops.

Inventory:

Hand Weapons
 x - a +2 executioner's axe
 B - the +8 trident of the Octopus King {venom, rElec rPois Will+}
   (You found it on level 6 of the Lair of Beasts)

   It poisons the flesh of those it strikes.
   rElec:     It insulates you from electricity.
   rPois:     It protects you from poison.
   Will:      It increases your willpower.
 C - the +3 mace "Tekibiu" {speed, rF+ Will+}
   (You found it on level 4 of the Dungeon)

   Attacks with this weapon are significantly faster.
   rF:        It protects you from fire.
   Will:      It increases your willpower.
 Q - the +4 broad axe of the Scavenger {vorpal, Fly rC+}
   (You found it on level 8 of the Dungeon)

   It inflicts extra damage upon your enemies.
   rC:        It protects you from cold.
   Fly:       It grants you flight.
 T - the +7 great mace "Firestarter" (weapon) {inner flame, rF++}
   (You found it on level 10 of the Dungeon)

   It burns those it strikes, dealing additional fire damage.
   It fills those it strikes with an explosive inner flame.
   It grants immunity to clouds of flame.
   rF:        It greatly protects you from fire.
Missiles
 r - 2 throwing nets (quivered)
Armour
 j - a +0 pair of gloves of dexterity (worn)
 o - a +1 crystal plate armour (worn)
 I - a +2 helmet of see invisible (worn)
 J - a +2 cloak (worn)
 L - a +2 pair of boots (worn)
Jewellery
 d - a +6 ring of intelligence
 A - a ring of resist corrosion
 G - a +6 ring of dexterity
 M - a ring of protection from fire (right hand)
 S - a +4 ring of evasion (left hand)
 W - a ring of positive energy
Wands
 b - a wand of acid (20)
 v - a wand of iceblast (28)
 K - a wand of mindburst (33)
 O - a wand of paralysis (25)
 P - a wand of digging (1)
 U - a wand of polymorph (7)
 V - a wand of flame (38)
Scrolls
 a - 7 scrolls of enchant weapon
 l - 4 scrolls of magic mapping
 n - a scroll of blinking
 s - 3 scrolls of fear
 t - 2 scrolls of fog
 w - a scroll of brand weapon
 y - 6 scrolls of teleportation
 E - 4 scrolls of identify
 Y - a scroll of holy word
 Z - 2 scrolls of immolation
Potions
 c - 6 potions of magic
 e - 9 potions of flight
 f - 7 potions of lignification
 g - 3 potions of invisibility
 h - 2 potions of ambrosia
 i - 15 potions of curing
 k - 2 potions of mutation
 m - 6 potions of haste
 p - 2 potions of attraction
 q - 2 potions of resistance
 u - 3 potions of brilliance
 z - 4 potions of might
 F - 2 potions of heal wounds
 H - 2 potions of berserk rage
 R - 3 potions of cancellation
Miscellaneous
 X - a tin of tremorstones (2/2)


   Skills:
 * Level 12.7 Fighting
 - Level 20.3 Maces & Flails
 + Level 16.9 Armour
 + Level 7.4 Dodging


You had 16 spell levels left.
You didn't know any spells.
Your spell library was empty.

Dungeon Overview and Level Annotations

Branches:
Dungeon (15/15) Temple (0/1) D:6 Lair (6/6) D:9 Swamp (2/4) Lair:4 Spider (0/4) Lair:4 Slime (0/5) Lair:5 Orc (2/2) D:11 Elf (0/3) Orc:2 Vaults (0/5) D:12 D:13 Depths (0/5) D:15 Sewer (visited) Ossuary (visited)

Altars:
Dithmenos
Elyvilon
Gozag
Kikubaaqudgha
Nemelex Xobeh
Okawaru
Uskayaw
Wu Jian
Xom
Zin
The Shining One
Beogh

Shops:
D:9 *   Orc:1 (   Orc:2 ![(?

Portals:
Trove: D:12 (give +7 demon trident)

Annotations:
D:14 2 transporters, exclusion: oklob plant, Kinoniko's ghost, adept GrBe
Swamp:1 4 transporters, NineInchNils's ghost, journeyman DsIE


Message History

You thump the swamp dragon!
Flame seeps out of the swamp dragon.
You burn the swamp dragon.
Flame seeps out of the swamp dragon.
The swamp dragon is severely wounded.
You are engulfed in poison gas.
You are more poisoned.
You feel extremely sick.
The swamp dragon bites you but does no damage.
The swamp dragon claws you but does no damage.
The swamp dragon closely misses you.
A swamp drake comes into view.
Your unstable footing causes you to fumble your attack.
You are engulfed in poison gas.
You are lethally poisoned!
* * * LOW HITPOINT WARNING * * *
You feel extremely sick.
You bludgeon the swamp dragon!! You burn the swamp dragon!
Trog accepts your kill.
The swamp dragon explodes!
The fiery explosion engulfs you! You resist.
* * * LOW HITPOINT WARNING * * *
You are engulfed in poison gas.
You are more poisoned.
* * * LOW HITPOINT WARNING * * *
x2 You feel extremely sick.
You hear a roar! x2
Unknown command.
* * * LOW HITPOINT WARNING * * *
You feel extremely sick. The bunyip claws you.
* * * LOW HITPOINT WARNING * * *
The bunyip claws you but does no damage.
The bunyip claws you!
* * * LOW HITPOINT WARNING * * *
Unknown command.
Unknown command.
You feel a strong urge to attack something.
You are no longer berserk.
You are exhausted.
You feel yourself slow down.
You die...

≈.≈≈≈≈≈≈♣♣≈.≈♣♣♣≈...≈(.♣♣
≈§≈.≈≈≈≈.♣♣♣♣♣♣ ♣♣♣♣♣♣♣♣♣
≈≈≈≈≈≈≈≈.≈♣ ...≈≈k≈≈≈≈♣
.≈.§≈....♣♣ ≈♣≈..§...§♣♣
≈ ♣♣§≈°☼°°.≈♣
≈.♣≈§§≈○○..♣♣
....§≈§≈§@♣♣♣
≈≈≈♣≈§≈○x§§.♣
≈≈≈≈.§○≈§§≈.♣
..≈≈.§§§....♣
.....§§○..♣♣≈♣
♣♣≈..≈.≈♣≈≈....
.≈§≈.^≈♣♣≈..≈≈≈≈ ≈≈≈≈.♣♣
≈≈≈≈≈≈≈≈ ≈≈≈.. ≈≈≈≈≈.


You could see a bunyip and a swamp drake.

Vanquished Creatures
  Gastronok (D:9)
  Kirke (D:13)
  2 tentacled starspawn (Abyss:2)
  2 orc warlords
  Nessos (D:13)
  Josephine (Lair:4)
  The ghost of Flure the Grappler, a journeyman DrTm of Gozag (Lair:1)
  2 great orbs of eyes (D:15)
  2 rakshasas
  A merfolk avatar (Lair:6)
  Harold (D:9)
  A catoblepas (Lair:5)
  6 boulder beetles
  14 hydras
  2 death knights
  Erica (D:11)
  6 centaur warriors
  2 two-headed ogres
  A dancing weapon (Lair:1)
  4 alligators
  An orc high priest (Orc:2)
  Urug (D:12)
  4 death yaks (Lair:5)
  3 large abominations (Abyss:2)
  7 skeletal warriors
  2 sea snakes
  A swamp dragon (Swamp:2)
  A bog body (Swamp:1)
  5 deep elf pyromancers
  A harpy (shapeshifter) (D:15)
  2 phantasmal warriors
  An orc knight (D:15)
  2 wolf spider zombies (D:13)
  A lindwurm (Lair:6)
  A manticore (D:15)
  A wolf spider (Lair:4)
  17 ugly things
  An orc sorcerer (Orc:1)
  2 will-o-the-wisps
  4 oklob plants (Lair:4)
  5 cyclopes
  15 elephants
  10 black mambas
  A gargoyle (D:12)
  Maggie (Lair:1)
  14 cane toads
  4 kobold demonologists
  6 rime drakes
  An unseen horror (D:13)
  13 komodo dragons
  An efreet (D:14)
  An ancient zyme (Abyss:2)
  2 freezing wraiths
  5 trolls
  6 polar bears
  3 wind drakes (Lair:6)
  7 slime creatures (D:15)
  3 meliai (D:15)
  8 tyrant leeches
  Grinder (D:4)
  13 blink frogs
  2 snapping turtles (Lair:6)
  8 hornets
  2 raiju (Abyss:2)
  An air elemental (D:14)
  7 spriggans (Swamp:1)
  16 yaks
  5 wyverns
  A centaur simulacrum (D:14)
  2 ynoxinuls (Abyss:2)
  7 wraiths
  Grum (D:9)
  2 hogs (D:13)
  A fire elemental (D:14)
  20 humans
  5 steam dragons
  A basilisk (Lair:3)
  A chaos spawn (Abyss:2)
  4 vampire mosquitoes (D:12)
  5 swamp worms
  Edmund (D:5)
  3 wargs
  22 water moccasins
  2 acid dragons
  A swamp drake (D:11)
  An ice beast (D:8)
  39 orc warriors
  2 black bears
  3 necrophages
  8 centaurs
  3 ogres
  A phantom (D:7)
  18 wolves
  6 kobold brigands
  16 bullfrogs
  An earth elemental (D:14)
  An elf skeleton (D:4)
  A scorpion (D:5)
  A wyvern skeleton (D:7)
  4 small abominations (Abyss:2)
  2 water moccasin skeletons
  6 killer bees (D:8)
  An electric eel (Lair:3)
  A bullfrog zombie (D:6)
  8 centaur zombies
  A hound (D:5)
  18 orc priests
  16 jellies
  A gnoll shaman (D:7)
  Crazy Yiuf (D:6)
  An iron imp (Abyss:2)
  A bullfrog skeleton (D:5)
  2 centaur skeletons
  3 iguanas
  4 human skeletons (D:4)
  31 orc wizards
  5 hell rats (Lair:2)
  A killer bee zombie (D:7)
  12 mummies (Ossuary)
  A howler monkey zombie (D:11)
  3 gnolls (D:7)
  A howler monkey skeleton (D:7)
  14 adders
  4 shadow imps
  2 white imps
  3 ufetubi
  2 worms
  7 dart slugs
  110 orcs
  10 endoplasms
  3 giant cockroaches
  4 goblins
  6 hobgoblins
  18 jackals
  30 kobolds
  10 quokkas
  16 ball pythons
  5 bats
  7 frilled lizards
  A gnoll skeleton (Ossuary)
  A goblin skeleton (Ossuary)
  3 kobold skeletons (Ossuary)
  4 orc skeletons
  A rat (D:1)
  11 rat skeletons (Ossuary)
  A bush (Lair:4)
  A starspawn tentacle (Abyss:2)
849 creatures vanquished.

Vanquished Creatures (collateral kills)
  A rakshasa (Lair:5)
  An alligator (Swamp:1)
  2 thrashing horrors (Abyss:2)
  Sonja (Lair:5)
  A will-o-the-wisp (Swamp:1)
  A slime creature (D:15)
  2 raiju (Abyss:2)
  A neqoxec (Abyss:2)
  A swamp drake (Swamp:1)
  2 killer bees (D:8)
13 creatures vanquished.

Vanquished Creatures (others)
  2 bloated husks (Swamp:1)
  A water elemental (D:14)
  A swamp drake (Swamp:1)
  A human (D:3)
  A bat (D:1)
  22 foxfires
  38 fungi
  74 plants
  7 starspawn tentacles (Abyss:2)
147 creatures vanquished.

Grand Total: 1009 creatures vanquished

Notes
Turn   | Place    | Note
-------+----------+-------------------------------------------
     0 | D:1      | Kinoniko the Human Berserker began the quest for the Orb.
     0 | D:1      | Reached XP level 1. HP: 18/18 MP: 1/1
   100 | D:1      | Reached XP level 2. HP: 11/24 MP: 2/2
   661 | D:1      | Reached skill level 4 in Maces & Flails
   661 | D:1      | Reached XP level 3. HP: 17/29 MP: 3/3
   819 | D:1      | Reached ** piety under Trog
  1768 | D:2      | Reached XP level 4. HP: 28/35 MP: 4/4
  2235 | D:2      | Reached skill level 5 in Maces & Flails
  2653 | D:3      | Reached XP level 5. HP: 18/41 MP: 5/5
  3023 | D:3      | Reached *** piety under Trog
  3596 | D:3      | Found an ancient bone altar of Kikubaaqudgha.
  3597 | D:3      | Noticed a human
  3599 | D:3      | Killed a human
  3813 | D:4      | Reached skill level 6 in Maces & Flails
  3813 | D:4      | Reached XP level 6. HP: 43/47 MP: 6/6
  3820 | D:4      | Found a sand-covered staircase.
  3826 | Ossuary  | Entered an ossuary
  4914 | D:4      | Reached XP level 7. HP: 52/52 MP: 7/7
  4921 | D:4      | Reached skill level 7 in Maces & Flails
  5017 | D:4      | Noticed Grinder
  5019 | D:4      | Paralysed by Grinder for 5 turns
  5030 | D:4      | Killed Grinder
  5179 | D:4      | Reached XP level 8. HP: 58/58 MP: 8/8
  5259 | D:4      | Reached skill level 8 in Maces & Flails
  5277 | D:4      | Reached **** piety under Trog
  6196 | D:4      | Reached skill level 9 in Maces & Flails
  6196 | D:4      | Reached skill level 5 in Armour
  6237 | D:4      | Identified the +3 mace "Tekibiu" {speed, rF+ Will+}
  6335 | D:5      | Entered Level 5 of the Dungeon
  6395 | D:5      | Found a glowing drain.
  6448 | Sewer    | Entered a sewer
  7523 | D:5      | Reached XP level 9. HP: 57/63 MP: 9/9
  7770 | D:5      | Noticed Edmund
  7789 | D:5      | Killed Edmund
  8051 | D:5      | Reached skill level 10 in Maces & Flails
  8436 | D:5      | Found a glowing golden altar of the Shining One.
  8787 | D:5      | Identified a scroll of acquirement
  8787 | D:5      | Acquired a +0 crystal plate armour
  8956 | D:6      | Reached ***** piety under Trog
  9001 | D:6      | Found a runed translucent door.
  9002 | D:6      | Noticed Crazy Yiuf
  9394 | D:6      | Found a staircase to the Ecumenical Temple.
  9712 | D:6      | Killed Crazy Yiuf
  9923 | D:7      | Received a gift from Trog
  9937 | D:7      | Found Jugrujaso's Magic Scroll Boutique.
 10421 | D:7      | Found an iron altar of Okawaru.
 10488 | D:7      | Found a glowing silver altar of Zin.
 10745 | D:7      | Found an opulent altar of Gozag.
 10830 | D:8      | Reached XP level 10. HP: 70/70 MP: 10/10
 10895 | D:8      | Found a white marble altar of Elyvilon.
 11039 | D:8      | Reached skill level 11 in Maces & Flails
 11127 | D:8      | HP: 2/70 [killer bee (5)]
 11229 | D:8      | Noticed a skeletal warrior
 11256 | D:8      | Killed a skeletal warrior
 11416 | D:8      | Noticed a freezing wraith
 11417 | D:8      | Noticed a +0 falchion
 11418 | D:8      | Noticed a +0 short sword
 11418 | D:8      | Noticed a +0 spear
 11418 | D:8      | Noticed a +0 falchion
 11422 | D:8      | Noticed a phantasmal warrior
 11424 | D:8      | Noticed a death knight
 11427 | D:8      | Killed a freezing wraith
 11439 | D:8      | Killed a phantasmal warrior
 11440 | D:8      | Reached skill level 12 in Maces & Flails
 11447 | D:8      | Killed a death knight
 11452 | D:8      | Noticed a +0 short sword
 11452 | D:8      | Noticed a +0 spear
 11452 | D:8      | Noticed a +0 dagger
 11453 | D:8      | Noticed a +0 dagger
 11454 | D:8      | Found a hide-covered altar of Uskayaw.
 11673 | D:8      | Identified the +4 broad axe of the Scavenger {vorpal, Fly
                  | rC+}
 11995 | D:9      | Noticed Harold
 12010 | D:9      | Killed Harold
 12011 | D:9      | Reached XP level 11. HP: 33/75 MP: 11/11
 12027 | D:9      | Noticed Gastronok
 12039 | D:9      | Killed Gastronok
 12040 | D:9      | Reached skill level 13 in Maces & Flails
 12541 | D:9      | Found an ornate altar of the Wu Jian Council.
 12580 | D:9      | Noticed Grum
 12594 | D:9      | Killed Grum
 12692 | D:9      | Found Ynatus's General Store.
 12733 | D:9      | Noticed a boulder beetle
 12744 | D:9      | Killed a boulder beetle
 12745 | D:9      | Reached skill level 14 in Maces & Flails
 13189 | D:9      | Found a staircase to the Lair.
 13228 | D:9      | You fall into a shaft and drop 1 floor!
 13228 | D:10     | Entered Level 10 of the Dungeon
 13612 | D:10     | Found a sparkling altar of Nemelex Xobeh.
 13614 | D:10     | Reached skill level 10 in Armour
 13701 | D:10     | Found a shadowy altar of Dithmenos.
 13717 | D:10     | Found the +7 great mace "Firestarter" {inner flame, rF++}
 14370 | D:11     | Acquired a manual of Armour
 14508 | D:11     | Noticed Erica
 14508 | D:11     | Noticed a boulder beetle
 14516 | D:11     | Killed Erica
 14517 | D:11     | Reached XP level 12. HP: 41/81 MP: 12/12
 14521 | D:11     | Killed a boulder beetle
 14718 | D:11     | Noticed a boulder beetle
 14720 | D:11     | Noticed a two-headed ogre
 14729 | D:11     | Killed a two-headed ogre
 14733 | D:11     | Killed a boulder beetle
 14734 | D:11     | Reached skill level 15 in Maces & Flails
 14984 | D:11     | Noticed a soul eater
 15286 | D:11     | Found a staircase to the Orcish Mines.
 15703 | Lair:1   | Entered Level 1 of the Lair of Beasts
 15756 | Lair:1   | Noticed an eight-headed hydra
 15760 | Lair:1   | Killed an eight-headed hydra
 15761 | Lair:1   | Reached skill level 16 in Maces & Flails
 16311 | Lair:1   | Reached XP level 13. HP: 41/86 MP: 13/13
 16370 | Lair:1   | Noticed Maggie
 16379 | Lair:1   | Killed Maggie
 16765 | Lair:1   | Found a runed translucent door.
 16765 | Lair:1   | Found a shimmering altar of Xom.
 16765 | Lair:1   | Noticed Flure's ghost (journeyman DrTm)
 17284 | Lair:1   | Killed Flure's ghost
 18895 | Lair:3   | Noticed a six-headed hydra
 18903 | Lair:3   | Reached skill level 17 in Maces & Flails
 18906 | Lair:3   | Killed a six-headed hydra
 18916 | Lair:3   | Noticed a five-headed hydra
 18921 | Lair:3   | Killed a five-headed hydra
 20698 | Lair:4   | Found a hole to the Spider Nest.
 20978 | Lair:4   | Noticed Josephine
 20986 | Lair:4   | Reached XP level 14. HP: 94/94 MP: 14/14
 20989 | Lair:4   | Killed Josephine
 20990 | Lair:4   | Reached skill level 5 in Fighting
 21750 | Lair:4   | Reached skill level 15 in Armour
 21755 | Lair:4   | Found a staircase to the Swamp.
 22355 | Lair:5   | Reached skill level 18 in Maces & Flails
 22505 | Lair:5   | Reached ****** piety under Trog
 22508 | Lair:5   | Found a staircase to the Slime Pits.
 23031 | Lair:5   | Noticed Sonja
 23038 | Lair:5   | Cast into level 2 of the Abyss (Sonja)
 23040 | Abyss:2  | Found a corrupted altar of Lugonu.
 23061 | Abyss:2  | Found a corrupted altar of Lugonu.
 23139 | Abyss:2  | Found a corrupted altar of Lugonu.
 23157 | Abyss:2  | Noticed a tentacled starspawn
 23164 | Abyss:2  | Killed a tentacled starspawn
 23205 | Abyss:2  | Noticed a tentacled starspawn
 23215 | Abyss:2  | Killed a tentacled starspawn
 23236 | Abyss:2  | HP: 2/103 [thrashing horror (9)]
 23261 | Abyss:2  | Reached XP level 15. HP: 54/108 MP: 15/15
 23270 | Abyss:2  | Found a corrupted altar of Lugonu.
 23282 | Abyss:2  | Received a gift from Trog
 23296 | Lair:5   | Escaped the Abyss
 23297 | Lair:5   | HP: 3/108 [rakshasa (12)]
 23306 | Lair:5   | Killed Sonja
 24215 | Lair:6   | Entered Level 6 of the Lair of Beasts
 24793 | Lair:6   | Reached skill level 19 in Maces & Flails
 25442 | Lair:5   | Upgraded the game from 0.27.1 to 0.27.1-1-g398f81649c
 25790 | Lair:6   | Received a gift from Trog
 26698 | Lair:6   | Found the +8 trident of the Octopus King {venom, rElec
                  | rPois Will+}
 27594 | D:12     | Found a portal to a secret trove of treasure.
 28719 | D:13     | Noticed Nessos
 28719 | D:13     | Noticed Urug
 28719 | D:13     | Found a gate to the Vaults.
 29067 | D:13     | Reached XP level 16. HP: 89/120 MP: 16/16
 29070 | D:12     | Killed Urug
 29361 | D:13     | Killed Nessos
 29365 | D:13     | Received a gift from Trog
 29572 | D:13     | Noticed Kirke
 29586 | D:13     | Killed Kirke
 29587 | D:13     | Reached skill level 20 in Maces & Flails
 30144 | D:13     | Reached skill level 10 in Fighting
 31971 | D:14     | Found a transporter.
 32098 | D:14     | Found a transporter.
 32247 | D:14     | Noticed Kinoniko's ghost (adept GrBe)
 32318 | D:14     | Found a large runed translucent door.
 32318 | D:14     | Found a large runed translucent door.
 32553 | D:14     | Paralysed by an air elemental for 1 turns
 32558 | D:14     | Paralysed by an air elemental for 1 turns
 32734 | Orc:1    | Entered Level 1 of the Orcish Mines
 32734 | Orc:1    | Found Zeikoul's Antique Weapon Boutique.
 33226 | Orc:2    | Entered Level 2 of the Orcish Mines
 33251 | Orc:2    | Reached skill level 5 in Dodging
 33431 | Orc:2    | Found a staircase to the Elven Halls.
 33619 | Orc:2    | Received a gift from Trog
 34215 | Orc:2    | Found Obbenoloi's Distillery.
 34349 | Orc:2    | Bought 2 potions of curing for 60 gold pieces
 34349 | Orc:2    | Bought a potion of heal wounds for 50 gold pieces
 34349 | Orc:2    | Bought 2 potions of curing for 60 gold pieces
 34522 | Orc:2    | Found Xirchuo's Magic Scroll Shoppe.
 34532 | Orc:2    | Bought a scroll of acquirement for 832 gold pieces
 34647 | Orc:2    | Found Tufotas's Antique Armour Emporium.
 34655 | Orc:2    | Found Kasimede's Antique Weapon Shoppe.
 35501 | Orc:2    | Bought a scroll of teleportation for 48 gold pieces
 35501 | Orc:2    | Bought a scroll of teleportation for 48 gold pieces
 35545 | Orc:2    | Acquired a +0 pair of gloves of dexterity
 35742 | D:15     | Entered Level 15 of the Dungeon
 35748 | D:15     | Paralysed by a great orb of eyes for 4 turns
 36097 | D:15     | Reached XP level 17. HP: 131/131 MP: 17/17
 37095 | D:15     | Found a staircase to the Depths.
 37605 | Swamp:1  | Entered Level 1 of the Swamp
 38244 | Swamp:1  | Found a transporter.
 38244 | Swamp:1  | Found a transporter.
 38249 | Swamp:1  | Noticed NineInchNils's ghost (journeyman DsIE)
 38250 | Swamp:1  | Found a transporter.
 38384 | Swamp:1  | Received a gift from Trog
 38652 | Swamp:1  | Identified the +1 leather armour of Maitelo {*Corrode rN+
                  | MP+9 Stlth+}
 38678 | Swamp:1  | Found a transporter.
 39238 | Swamp:2  | HP: 9/202 [bunyip (7)]
 39239 | Swamp:2  | Succumbed to poison (poison gas)

Illustrated notes

Levels and vault maps discovered:
D:1:      evilmike_arrival_home_sweet_home, layout_basic, corner_web_ring
D:2:      layout_rooms
D:3:      minmay_skewed_foursquare, layout_loops_ring, tgw_kikubaaqudgha
D:4:      minmay_octagon_keep, layout_basic, nicolae_ossuary_entry_catacombs,
          uniq_grinder
D:5:      layout_layer_cave, general_overflow_altar, portal_sewer_entry_b,
          minmay_misc_feat_doors, minmay_misc_feat_nine_boxes, uniq_edmund
D:6:      layout_basic, minmay_temple_entry_glass, uniq_crazy_yiuf_cottage
D:7:      layout_basic, pdpol_temple_overflow_zin_treasury_gozag_greed,
          kennysheep_okawaru_gauntlet, serial_shops, nicolae_stop_n_shop_1,
          hangedman_decor_riveting, hex_medium
D:8:      layout_loops_cross, mainiacjoe_overflow_24_doors,
          nicolae_uskayaw_en_pointe
D:9:      minmay_cornered_nines, layout_long_grid, nzn_wu_jian_contemplation,
          serial_shops, nicolae_shop_crystal, uniq_gastronok, uniq_harold,
          uniq_grum
D:10:     layout_roguey, grunt_dithmenos_smoke_and_mirrors,
          nicolae_overflow_crystal_walls, dk_noncrumbling_2, lightli_orcish_oven
D:11:     layout_roguey, erik_orc_1, uniq_erica
D:12:     layout_irregular_city, nicolae_trove_entry_free_sample
D:13:     layout_irregular_city, david_vaults_3, serial_undead, serial_undead_a,
          serial_undead_f, serial_undead_e, serial_undead_e, uniq_kirke
D:14:     layout_rooms, nzn_ghost_randoct, hellmonk_bongcloud_opening,
          lightli_elemental_guards
D:15:     gammafunk_enter_depths_forms, layout_gridville
Lair:1:   layout_hall_layers, ebering_ghost_xom, nicolae_quartered_pool_super,
          infiniplex_staircase_pool_2, lemuel_fruit_fields,
          serial_bayou_shore_a, uniq_maggie, uniq_urug
Lair:2:   layout_big_grid, grunt_megastairs_1
Lair:3:   layout_layer_cave, grunt_megastairs_2, infiniplex_staircase_pool
Lair:4:   layout_concentric_octagons, palyth_hydra_swamp_entry,
          spider_nest_entry_rubble, minmay_lair_oklob_chamber,
          lemuel_fruit_fields, grunt_megastairs_3, lemuel_fruit_fields,
          uniq_josephine
Lair:5:   layout_regular_city, minmay_slime_entry_jelly_boxes, uniq_sonja
Lair:6:   gammafunk_lair_ancient_temple, layout_regular_city,
          patterned_corridor, lemuel_fruit_tree
Swamp:1:  gammafunk_worm_tunnel, layout_basic_swamp, gammafunk_ghost_mausoleum,
          nicolae_swamp_triple_paths
Swamp:2:  layout_basic_swamp, nicolae_swamp_round_clearing, swamp_pool1
Orc:1:    layout_caves, serial_shops, shop, basic_altar, mines4_lemuel
Orc:2:    grunt_orc_community_town_hall, layout_diamond_mine,
          grunt_orc_community_big_house_1, grunt_orc_community_big_house_2,
          grunt_orc_community_house_3, grunt_orc_community_house_2,
          grunt_orc_community_house_3, grunt_orc_community_house_2,
          grunt_orc_community_house_1, grunt_orc_community_house_3

Skill      XL: |  1  2  3  4  5  6  7  8  9 10 11 12 13 14 15 16 17 |
---------------+----------------------------------------------------+-----
Maces & Flails | 4 5 6 7 9 10 12 14 16 17 18 19 20 | 20.3
Armour         | 3 4 5 7 8 10 12 14 15 16 | 16.9
Dodging        | 3 4 5 7 |  7.4
Fighting       | 4 7 9 11 12 | 12.7

Action                   |  1- 3 |  4- 6 |  7- 9 | 10-12 | 13-15 | 16-18 || total
-------------------------+-------+-------+-------+-------+-------+-------++-------
Melee: Mace              |    89 |   251 |   338 |    34 |       |       ||   712
       Flail             |       |       |    95 |       |       |       ||    95
       Dire flail        |       |       |    48 |    63 |       |       ||   111
       Morningstar       |       |       |       |   128 |       |       ||   128
       Great mace        |       |       |       |   120 |   594 |   538 ||  1252
       Unarmed           |       |       |       |     8 |       |       ||     8
Invok: Berserk           |     3 |     5 |     9 |    11 |    11 |    19 ||    58
       Brothers in Arms  |       |       |       |     2 |     5 |     3 ||    10
       Trog's Hand       |       |       |       |     1 |     2 |     3 ||     6
  Use: Scroll            |       |     2 |    14 |     8 |    14 |     2 ||    40
       Potion            |       |       |       |     5 |     8 |     1 ||    14
 Stab: Sleeping          |     2 |       |       |       |       |       ||     2
Armor: Animal skin       |    21 |       |       |       |       |       ||    21
       Ring mail         |       |    44 |       |       |       |       ||    44
       Chain mail        |       |    44 |   180 |       |       |       ||   224
       Crystal plate arm |       |       |   110 |   297 |   456 |   479 ||  1342
Dodge: Dodged            |    89 |   118 |   163 |   119 |   324 |   274 ||  1087
